 Dungeon Crawl Stone Soup version 0.20-a0-313-g10ed074 (webtiles) character file.

175 Junicave the Conjurer (level 5, -9/38 HPs)
             Began as a Draconian Conjurer on Dec 20, 2016.
             Killed by nerve-wracking pain
             ... invoked by an orc priest
              (14 damage)
             ... on level 3 of the Dungeon.
             The game lasted 00:11:52 (4156 turns).

Junicave the Conjurer (Draconian Conjurer)          Turns: 4156, Time: 00:11:52

Health: -9/38      AC:  6    Str: 11    XL:     5   Next: 29%
Magic:  1/9        EV: 13    Int: 16    God:
Gold:   146        SH:  0    Dex: 11    Spells: 6/10 levels left

rFire  . . .     SeeInvis .     o - +0 spear
rCold  . . .     Gourm    +     (armour unavailable)
rNeg   . . .     Faith    .     (no shield)
rPois  .         Spirit   .     (helmet restricted)
rElec  .         Reflect  .     (no cloak)
rCorr  .         Harm     .     t - +0 pair of gloves
MR     .....                    (no boots)
Stlth  ++........               s - amulet of the gourmand
                                (no ring)
                                (no ring)

@: no status effects
A: unfitting armour, cold-blooded, AC +5
a: no special abilities


You were on level 3 of the Dungeon.
You were not hungry.

You visited 1 branch of the dungeon, and saw 4 of its levels.

You collected 146 gold pieces.

Inventory:

Hand Weapons
 o - a +0 spear (weapon)
Armour
 t - a +0 pair of gloves (worn)
Jewellery
 s - an amulet of the gourmand (around neck)
Scrolls
 c - 4 scrolls of fog {unknown}
 d - 3 scrolls of fear {unknown}
 f - a scroll of random uselessness {unknown}
 h - a scroll of amnesia {unknown}
 n - a scroll of noise {unknown}
 r - 2 scrolls of remove curse {unknown}
Potions
 e - a potion of haste {unknown}
 g - a potion of might {unknown}
 i - a potion of ambrosia {unknown}
 j - 3 potions of curing {unknown}
 k - 3 potions of mutation {unknown}
 m - a potion of flight {unknown}
 p - a potion of degeneration {unknown}
Books
 a - a book of Conjurations

   Spells                             Type                      Level
   a - Magic Dart                     Conjuration                  1
   b - Searing Ray                    Conjuration                  2
   c - Dazzling Spray                 Conjuration/Hexes            3
   d - Fulminant Prism                Conjuration/Hexes            4
   e - Iskenderun's Mystic Blast      Conjuration                  4
   f - Iskenderun's Battlesphere      Conjuration/Charms           5
Comestibles
 b - 3 bread rations
 l - 2 meat rations
 q - a slice of pizza
 u - 2 chunks of flesh


   Skills:
 + Level 1.2 Polearms
 + Level 3.2 Dodging
 - Level 2.0 Stealth
 + Level 3.0 Spellcasting
 + Level 4.8 Conjurations
 + Level 0.3 Hexes


You had 6 spell levels left.
You knew the following spells:

 Your Spells              Type           Power        Failure   Level  Hunger
a - Magic Dart            Conj           ###.         2%          1    #......
b - Dazzling Spray        Conj/Hex       ##....       21%         3    ###....


Dungeon Overview and Level Annotations

Branches:
Dungeon (4/15)
 Temple: D:4-7

Altars:
Cheibriados
Elyvilon
Hepliaklqana

Shops:
D:4 *


Innate Abilities, Weirdness & Mutations

Your plain brown scales are hard. (AC +5)
You cannot fit into any form of body armour.
You are cold-blooded and may be slowed by cold attacks.


Message History

Your Spellcasting skill increases to level 3!
The orc hits you but does no damage.
The orc priest looks braver for a moment.
You barely miss the orc priest.
Your tail-slap misses the orc priest.
The orc closely misses you.
The orc priest begins to cast a cantrip, but forgets the words!
You closely miss the orc priest. The orc priest hits you with a war axe.
The orc closely misses you.
You barely miss the orc priest.
Your tail-slap misses the orc priest.
The orc barely misses you.
The orc priest mumbles some strange prayers to Beogh against you.
Beogh smites you!
* * * LOW HITPOINT WARNING * * *
You completely miss the orc priest. The orc hits you but does no damage.
The orc priest barely misses you.
You barely miss the orc priest. The orc hits you with a club.
* * * LOW HITPOINT WARNING * * *
The orc priest calls down the wrath of Beogh upon you.
Pain shoots through your body!
You die...

#....# #.##.##.## #.####
#....÷.... #.#
#.......## #.# #.##.####
#.# #.##.# #######.####
#.##.#
#..........####.##.#
#..................#
#..####@####.##.##.#####
#.)oo.##.##.........
#.......#.###.#.#####
#......[#.# #####
.†..._.....#
#.#.......#.#
#.#.......#.# #
##.....##.#


You could see an orc priest and an orc.

Vanquished Creatures
  An orc priest (D:3)
  3 gnolls (D:2)
  6 adders
  4 worms
  A dart slug (D:2)
  2 leopard geckos (D:1)
  2 orcs (D:3)
  2 giant cockroaches
  8 goblins
  2 hobgoblins (D:3)
  5 jackals
  5 kobolds
  A quokka (D:3)
  2 ball pythons
  4 bats
  8 frilled lizards
  3 rats
59 creatures vanquished.

Vanquished Creatures (others)
  A quokka (D:2)
1 creature vanquished.

Grand Total: 60 creatures vanquished

Notes
Turn   | Place    | Note
-------+----------+-------------------------------------------
     0 | D:1      | Junicave the Draconian Conjurer began the quest for the Orb.
     0 | D:1      | Reached XP level 1. HP: 14/14 MP: 3/3
   704 | D:1      | Reached XP level 2. HP: 3/20 MP: 0/5
  1257 | D:2      | Reached XP level 3. HP: 26/26 MP: 0/6
  1323 | D:2      | Found a white marble altar of Elyvilon.
  1446 | D:2      | Found a snail-covered altar of Cheibriados.
  2285 | D:2      | Reached XP level 4. HP: 23/33 MP: 2/8
  2307 | D:2      | HP: 1/33 [leopard gecko (3)]
  3213 | D:2      | Learned a level 3 spell: Dazzling Spray
  3532 | D:3      | You fall through a shaft!
  3532 | D:4      | Found Enawecva's Assorted Antiques.
  3883 | D:3      | Reached XP level 5. HP: 16/38 MP: 0/9
  4132 | D:3      | Reached skill level 1 in Polearms
  4133 | D:3      | Found a hazy altar of Hepliaklqana.
  4156 | D:3      | Killed from afar by an orc priest

Vault maps used:
D:1:      dpeg_arrival_boxorama
D:2:      kennysheep_slug_shrine, elyvilon_altar_4
D:3:      old_standard_altar, minmay_goblin_kobold_house
D:4:      serial_shops, nicolae_shop_overgrown_old_shop

Skill      XL: |  1  2  3  4  5 |
---------------+----------------+-----
Stealth        | 2 |  2.0
Dodging        | 2 3 |  3.2
Polearms       | 1 |  1.2
Spellcasting   | 3 |  3.0
Conjurations   | |  4.8
Hexes          | |  0.3

Action                   |  1- 3 |  4- 6 || total
-------------------------+-------+-------++-------
Melee: Unarmed           |    70 |       ||    70
       Tailslap          |     4 |     8 ||    12
       Spear             |     9 |    78 ||    87
 Cast: Magic Dart        |    79 |    68 ||   147
 Stab: Sleeping          |       |     1 ||     1
  Eat: Chunk             |     5 |    10 ||    15
Armor: Skin              |    22 |    29 ||    51
Dodge: Dodged            |    60 |    69 ||   129
